 Dungeon Crawl Stone Soup version 0.25-a0-160-gd1d2e81aba (webtiles) character file.

Game seed: 16245253668765235706, levelgen mode: deterministic

43 maxmp3 the Ruffian (level 3, 0/28 HPs)
             Began as a Draconian Transmuter on Nov 21, 2019.
             Slain by Terence
             ... wielding a +0 hand axe
              (1 damage)
             ... on level 2 of the Dungeon.
             The game lasted 00:26:21 (1233 turns).

maxmp3 the Ruffian (Draconian Transmuter)           Turns: 1233, Time: 00:26:22

Health: 0/28       AC:  5    Str: 12    XL:     3   Next: 37%
Magic:  6/6        EV: 12    Int: 14    God:
Gold:   69         SH:  0    Dex: 11    Spells: 2/6 levels left

rFire    . . .     SeeInvis .   g - +0 mace
rCold    . . .     Gourm    .   (no shield)
rNeg     . . .     Faith    .   (armour unavailable)
rPois    .         Spirit   .   (helmet restricted)
rElec    .         Reflect  .   (no cloak)
rCorr    .         Harm     .   (no gloves)
MR       .....                  (no boots)
Stlth    +.........             (no amulet)
HPRegen  0.09/turn              o - ring of wizardry
MPRegen  0.10/turn              (no ring)

@: no status effects
A: unfitting armour, cold-blooded, AC +5
a: no special abilities


You were on level 2 of the Dungeon.
You were hungry.

You visited 1 branch of the dungeon, and saw 2 of its levels.

You collected 69 gold pieces.

Inventory:

Hand Weapons
 d - a +0 club
 e - a +0 short sword
 f - a +0 hand axe
 g - a +0 mace (weapon)
 i - a +0 short sword
 k - a +0 dagger
 n - a +0 dagger of speed
 q - a +0 whip
Missiles
 a - 20 arrows
 h - 13 poisoned darts (quivered)
 j - 8 stones
Armour
 r - a +0 leather armour
Jewellery
 o - a ring of wizardry (left hand)
Scrolls
 l - a scroll of enchant armour {unknown}
 m - 2 scrolls of remove curse {unknown}
 p - a scroll of amnesia {unknown}
Comestibles
 b - 6 chunks of flesh
 c - 4 rations


   Skills:
 + Level 1.2 Fighting
 + Level 0.2(0.7) Axes
 + Level 1.0(1.1) Maces & Flails
 + Level 2.5 Dodging
 + Level 0.2 Stealth
 + Level 3.4 Unarmed Combat
 + Level 2.1 Spellcasting
 + Level 2.0 Transmutations


You had 2 spell levels left.
You knew the following spells:

 Your Spells              Type           Power        Failure   Level  Hunger
a - Beastly Appendage     Tmut           #.....       4%          1    ##.....
b - Spider Form           Tmut/Pois      #.........   19%         3    ####...

Your spell library contained the following spells:

 Spells                   Type           Power        Failure   Level  Hunger
 Sticks to Snakes         Tmut           #.......     6%          2    ###....
 Ice Form                 Ice/Tmut       #.......     50%         4    #####..
 Blade Hands              Tmut           #.........   71%         5    ######.


Dungeon Overview and Level Annotations

Branches:
Dungeon (2/15)

Altars:
Okawaru

Annotations:
D:2 Terence


Innate Abilities, Weirdness & Mutations

Your plain brown scales are hard. (AC +5)
You cannot fit into any form of body armour.
You are cold-blooded and may be slowed by cold attacks.


Message History

Terence closely misses you.
You hit Terence but do no damage.
Terence is lightly wounded.
Terence hits you but does no damage.
You barely miss Terence.
Terence is lightly wounded.
Terence hits you with a +0 hand axe. Terence barely misses you.
You hit Terence.
Terence is moderately wounded.
Terence closely misses you.
You barely miss Terence.
Your tail-slap misses Terence.
Terence is moderately wounded.
Terence hits you with a +0 hand axe.
* * * LOW HITPOINT WARNING * * *
You hit Terence but do no damage.
Terence is moderately wounded.
Terence hits you with a +0 hand axe!
* * * LOW HITPOINT WARNING * * *
Terence hits you with a +0 hand axe.
You die...

### ..# #.# #.# #
##.####.##################
.........................'
........@@........######.#
##.##########+###.## #.#
.........# #.# .......#.##
#.# .......#..# #.#
.......##.## #.# .......
#..# #.# .$..... ##.###.#
##.!...###..##.#


You could see Terence.

Vanquished Creatures
  An ooze (D:1)
  A worm (D:2)
  3 dart slugs
  A leopard gecko (D:1)
  5 bats (D:1)
  2 giant cockroaches (D:1)
  6 goblins (D:1)
  4 hobgoblins
  A frilled lizard (D:1)
  4 kobolds
  A plant (D:1)
29 creatures vanquished.

Notes
Turn   | Place    | Note
-------+----------+-------------------------------------------
     0 | D:1      | maxmp3 the Draconian Transmuter began the quest for the
                  | Orb.
     0 | D:1      | Reached XP level 1. HP: 16/16 MP: 3/3
   362 | D:1      | Reached XP level 2. HP: 12/23 MP: 5/5
   497 | D:1      | HP: 1/23 [ooze (5)]
   847 | D:1      | Reached XP level 3. HP: 28/28 MP: 6/6
   923 | D:1      | Learned a level 3 spell: Spider Form
  1073 | D:2      | Reached skill level 1 in Maces & Flails
  1134 | D:2      | Found an iron altar of Okawaru.
  1213 | D:2      | Noticed Terence
  1231 | D:2      | HP: 1/28 [Terence/+0 hand axe (7)]
  1233 | D:2      | Slain by Terence

Levels and vault maps discovered:
D:1:      tarquinn_simple_flora_water_d, layout_basic, minmay_stone_trees_small
D:2:      layout_basic, good_gods_mini_temple, marbit_many_paths, uniq_sigmund,
          uniq_terence

Skill      XL: |  1  2  3 |
---------------+----------+-----
Dodging        | 2 |  2.5
Maces & Flails | 1 |  1.0
Fighting       | |  1.2
Axes           | |  0.2
Stealth        | |  0.2
Unarmed Combat | |  3.4
Spellcasting   | |  2.1
Transmutations | |  2.0

Action                   || total
-------------------------++-------
Melee: Unarmed           ||   108
       Tailslap          ||    22
       Mace              ||    96
       Hand axe          ||     2
       Punch             ||     1
 Cast: Spider Form       ||     1
  Use: Scroll            ||     2
  Eat: Chunk             ||     1
Armor: Skin              ||    60
Dodge: Dodged            ||    91

Table legend:
 A = Non-vault XP
 B = Vault XP
 C = Vault XP percentage of total XP
 D = Non-vault monster count
 E = Vault monster count
 F = Vault count percentage of total count
                 A         B        C        D         E       F
            +---------+---------+-------+---------+---------+-------
      Total |      60 |       2 |   3.2 |      27 |       1 |   3.6
            +---------+---------+-------+---------+---------+-------
        D:1 |      48 |       0 |   0.0 |      23 |       0 |   0.0
        D:2 |      12 |       2 |  14.3 |       4 |       1 |  20.0
            +---------+---------+-------+---------+---------+-------
